 Dungeon Sprint DCSS version 0.24.1-14-gf8d2b509d9 (webtiles) character file.

Game seed: 2817174538091110870, levelgen mode: deterministic

83 Baz the Firebug (level 4, -2/33 HPs)
             Began as a Draconian Fire Elementalist on Oct 3, 2020.
             Splashed by an oklob sapling priest's acid (13 damage)
             ... in the Dungeon (Sprint IV: "Fedhas' Mad Dash").
             The game lasted 00:02:37 (945 turns).

Baz the Firebug (Draconian Fire Elementalist)        Turns: 945, Time: 00:02:37

Health: -2/33      AC:  1    Str: 10    XL:     4   Next: 22%
Magic:  1/9        EV: 12    Int: 17    God:
Gold:   74         SH:  0    Dex: 11    Spells: 3/10 levels left

rFire    . . .     SeeInvis .   (no weapon)
rCold    . . .     Gourm    .   (no shield)
rNeg     . . .     Faith    .   (armour unavailable)
rPois    .         Spirit   .   (helmet restricted)
rElec    .         Reflect  .   (no cloak)
rCorr    .         Harm     .   (no gloves)
MR       .....     NoTele   +   (no boots)
Stlth    ++........             a - amulet of invisibility {+Inv}
HPRegen  0.11/turn              (no ring)
MPRegen  0.11/turn              (no ring)

@: corroded
A: unfitting armour, cold-blooded, AC +5
a: Evoke Invisibility


You were in the Dungeon.
You were hungry.

You visited 1 branch You collected 74 gold pieces.

Inventory:

Jewellery
 a - the amulet of invisibility (around neck) {+Inv}
   (You found it in the Dungeon)

   [amulet of nothing]

   It lets you turn invisible.
Scrolls
 h - a scroll of blinking
Potions
 c - a potion of curing
 d - a potion of heal wounds
 e - a potion of haste
 f - a potion of magic
 g - a potion of berserk rage
Comestibles
 b - 2 rations


   Skills:
 - Level 1.7 Dodging
 - Level 1.7 Stealth
 + Level 3.8 Spellcasting
 * Level 5.2 Conjurations
 * Level 6.0 Fire Magic


You had 3 spell levels left.
You knew the following spells:

 Your Spells              Type           Power        Failure   Level  Hunger
a - Flame Tongue          Conj/Fire      ###..        1%          1    None
b - Throw Flame           Conj/Fire      ###...       2%          2    ##.....
c - Sticky Flame          Conj/Fire      ###.....     16%         4    ####...

Your spell library contained the following spells:

 Spells                   Type           Power        Failure   Level  Hunger
 Conjure Flame            Conj/Fire      ###.....     4%          3    ###....
 Inner Flame              Hex/Fire       ##......     14%         3    ###....
 Fireball                 Conj/Fire      ###.......   41%         5    ######.


Dungeon Overview and Level Annotations

Branches:
Dungeon (1/1)

Altars:
Cheibriados
Gozag
Hepliaklqana
Makhleb
Nemelex Xobeh
Ru
Sif Muna
Trog
Wu Jian
Xom
Yredelemnul
Beogh
Jiyva

Annotations:
D exclusion: oklob sapling


Innate Abilities, Weirdness & Mutations

Your plain brown scales are hard. (AC +5)
You cannot fit into any form of body armour.
You are cold-blooded and may be slowed by cold attacks.


Message History

The oklob sapling priest calls down the wrath of its god upon you.
Something smites you!
Casting: Throw Flame (safe; 2% risk of failure)
Confirm with . or Enter, or press ? or * to list all spells.
Aiming: Throw Flame (safe; 2% risk of failure)
Press: ? - help, Shift-Dir - straight line, f/p - oklob sapling priest
Aim: an oklob sapling priest (heavily damaged)
The puff of flame hits the oklob sapling priest.
The oklob sapling priest is severely damaged.
Unknown command.
Casting: Throw Flame (safe; 2% risk of failure)
Confirm with . or Enter, or press ? or * to list all spells.
Aiming: Throw Flame (safe; 2% risk of failure)
Press: ? - help, Shift-Dir - straight line, f/p - oklob sapling priest
Aim: an oklob sapling priest (severely damaged)
The puff of flame hits the oklob sapling priest but does no damage.
The oklob sapling priest is severely damaged.
The oklob sapling priest spits acid at you.
The splash of acid hits you! The acid corrodes you!
You are splashed with acid!
You die...

########################
<..P#.....#.....#.⌠._._.
PP..'.....'.#...@.._._._
PPPP#.....#.#...#..._._P
##############'##.._._._
+...#._._._.
#...######## #####


You could see an oklob sapling priest.

Vanquished Creatures
  2 oklob saplings (D)
  A worker ant (D)
  A river rat (D)
  A rat (D)
5 creatures vanquished.

Notes
Turn   | Place    | Note
-------+----------+-------------------------------------------
     0 | D        | Baz the Draconian Fire Elementalist began the quest for the
                  | Orb.
     0 | D        | Reached XP level 1. HP: 14/14 MP: 3/3
     9 | D        | Reached XP level 2. HP: 20/20 MP: 0/5
    12 | D        | Reached skill level 4 in Fire Magic
    77 | D        | Reached XP level 3. HP: 17/26 MP: 4/7
   248 | D        | Noticed an oklob sapling
   253 | D        | Learned a level 2 spell: Throw Flame
   498 | D        | Killed an oklob sapling
   498 | D        | Reached skill level 5 in Fire Magic
   567 | D        | Found the amulet of invisibility {+Inv}
   583 | D        | Noticed an oklob sapling
   589 | D        | Killed an oklob sapling
   589 | D        | Reached skill level 5 in Conjurations
   589 | D        | Reached skill level 6 in Fire Magic
   589 | D        | Reached XP level 4. HP: 13/33 MP: 0/9
   772 | D        | Learned a level 4 spell: Sticky Flame
   787 | D        | Found an opulent altar of Gozag.
   787 | D        | Found a hazy altar of Hepliaklqana.
   787 | D        | Found a burning altar of Makhleb.
   787 | D        | Found a sparkling altar of Nemelex Xobeh.
   787 | D        | Found a sacrificial altar of Ru.
   787 | D        | Found a shimmering blue altar of Sif Muna.
   787 | D        | Found an ornate altar of the Wu Jian Council.
   787 | D        | Found a shimmering altar of Xom.
   787 | D        | Found a basalt altar of Yredelemnul.
   788 | D        | Found a roughly hewn altar of Beogh.
   788 | D        | Found a snail-covered altar of Cheibriados.
   789 | D        | Found a viscous altar of Jiyva.
   789 | D        | Found a bloodstained altar of Trog.
   945 | D        | Splashed by an oklob sapling priest's acid

Levels and vault maps discovered:
D:        dungeon_sprint_fedhas [sprint_temple]

Skill      XL: |  1  2  3 |
---------------+----------+-----
Conjurations   | 2 3 5 |  5.2
Fire Magic     | 4 6 |  6.0
Spellcasting   | 3 |  3.8
Dodging        | |  1.7
Stealth        | |  1.7

Action                   |  1- 3 |  4- 6 || total
-------------------------+-------+-------++-------
Melee: Unarmed           |     5 |       ||     5
 Cast: Flame Tongue      |     9 |       ||     9
       Throw Flame       |     9 |     7 ||    16
  Use: Potion            |     1 |       ||     1
Armor: Skin              |     3 |       ||     3
Dodge: Dodged            |     3 |       ||     3
